 Dungeon Crawl Stone Soup version 0.30.1-3-gfc49f6343a (webtiles) character file.

Game seed: 8211696043032929011

56 hilljack the Firebug (level 3, -2/19 HPs)
             Began as a Gargoyle Fire Elementalist on Aug 3, 2023.
             Slain by an orc
             ... wielding a +0 flail
              (6 damage)
             ... on level 3 of the Dungeon.
             The game lasted 00:03:53 (2120 turns).

hilljack the Firebug (Gargoyle Fire Elementalist)   Turns: 2120, Time: 00:03:54

Health: -2/19      AC:  5    Str: 11    XL:     3   Next: 97%
Magic:  3/6        EV: 12    Int: 17    God:
Gold:   123        SH:  0    Dex: 10    Spells: 3/6 levels left

rFire   . . .        n - +3 whip
rCold   . . .        (no shield)
rNeg    + . .        a - +0 robe
rPois   ∞            (no helmet)
rElec   +            (no cloak)
rCorr   .            (no gloves)
SInv    .            (no boots)
Will    .....        (no amulet)
Stlth   ++           (no ring)
HPRegen 0.23/turn    (no ring)
MPRegen 0.10/turn

%: no passive effects
@: no status effects
A: sickness immunity, AC +3, negative energy resistance 1, electricity
resistance, torment resistance 1, petrification resistance
a: no special abilities


You were on level 3 of the Dungeon.
You visited 1 branch of the dungeon, and saw 3 of its levels.

You collected 123 gold pieces.

Inventory:

Hand Weapons
 d - a +0 mace
 n - a +3 whip (weapon)
Armour
 a - a +0 robe (worn)
Scrolls
 e - a scroll of brand weapon {unknown}
 f - a scroll of fog
 j - a scroll of acquirement {unknown}
 k - a scroll of magic mapping
 l - a scroll of amnesia
 m - a scroll of enchant weapon {unknown}
 o - a scroll of identify {unknown}
Potions
 b - 2 potions of magic
 c - a potion of curing {unknown}
 g - 3 potions of ambrosia {unknown}
 h - a potion of attraction {unknown}
 i - a potion of brilliance {unknown}


   Skills:
 - Level 1.7 Dodging
 - Level 2.4 Stealth
 - Level 2.1 Spellcasting
 + Level 2.7 Conjurations
 + Level 3.8 Fire Magic


You had 3 spell levels left.
You knew the following spells:

 Your Spells              Type           Power      Damage    Failure   Level
a - Foxfire               Conj/Fire      48%        2x1d6     4%          1
b - Scorch                Fire           28%        2d6       6%          2

Your spell library contained the following spells:

 Spells                   Type           Power      Damage    Failure   Level
 Slow                     Hex            4%         N/A       19%         1
 Inner Flame              Hex/Fire       8%         N/A       26%         3
 Volatile Blastmotes      Fire/Tloc      16%        2d11      26%         3
 Confusing Touch          Hex            1%         N/A       50%         3
 Vampiric Draining        Necr           1%         2d6       50%         3
 Flame Wave               Conj/Fire      12%        2d6       45%         4


Dungeon Overview and Level Annotations

Branches:
Dungeon (3/15)

Altars:


Innate Abilities, Weirdness & Mutations

You are immune to sickness and miasma.
Your stone body is resilient. (AC +3)
You are immune to poison.
You resist negative energy. (rN+)
You are resistant to electric shocks. (rElec)
You are resistant to unholy torment.
You are immune to petrification.


Message History

As you read the scroll labelled KOYNTOIFAI, it crumbles to dust.
You feel aware of your surroundings.
You sensed 1 altar.
It was a scroll of magic mapping.
As you read the scroll labelled KOOCICH VEHIA, it crumbles to dust.
It is a scroll of amnesia.
Really abort (and waste the scroll)?
Okay, then.
The orc shouts!
You hear a shout!
Casting: Foxfire (safe; 4% risk of failure)
Confirm with . or Enter, or press ? or * to list all spells.
You conjure some foxfire!
The foxfire hits the orc.
The orc is heavily wounded.
The foxfire hits the orc but does no damage.
The orc is heavily wounded.
The orc misses you.
Casting: Foxfire (safe; 4% risk of failure)
Confirm with . or Enter, or press ? or * to list all spells.
You conjure some foxfire!
The orc closely misses you.
An orc priest comes into view. It is wielding a +0 short sword.
The foxfire hits the orc but does no damage.
The orc is heavily wounded.
The foxfire hits the orc but does no damage.
The orc is heavily wounded.
The orc hits you with a +0 flail.
Casting: Foxfire (safe; 4% risk of failure)
Confirm with . or Enter, or press ? or * to list all spells.
You conjure some foxfire!
An orc comes into view. It is wielding a +0 trident.
The orc closely misses you.
The foxfire hits the orc but does no damage.
The orc is heavily wounded.
The foxfire hits the orc but does no damage.
The orc is heavily wounded.
The orc priest invokes the aid of Beogh against you.
Beogh smites you!
Ouch! That really hurt!
* * * LOW HITPOINT WARNING * * *
The orc hits you with a +0 flail.
You die...

***
*,,,,,,,***,+,~,_,*,,*,*
*,,,,,,,* *,+,~,,,*,,*,*
******#,* ***,~~~,*,,*,*
#.* *,,,,,***#.####
##o#####****** #.....
#..o...# *.# ##..###
#...§§§# *.# #......
#...§o§# #.# #......
******##..§§@§#####.#
#..####
*,,,,......§§§##.##.#
#..##
*,,,,.......§....##.#
#...###
*,,,,....#######.##.#
#.#...# *,,,,...,*
#.....# #.###.#
*,,,,..,,* #.....# #.#
#.# *,,,,.,,,*
#.....###.# #..
********** ##.##.....#
### ****#.############


You could see an orc priest and 2 orcs.

Vanquished Creatures
  An adder (D:2)
  4 ball pythons
  5 endoplasms
  4 goblins
  8 hobgoblins
  4 jackals (D:1)
  2 quokkas (D:2)
  3 bats
  4 frilled lizards
  5 kobolds
  A rat (D:3)
41 creatures vanquished.

Vanquished Creatures (others)
  83 foxfires
83 creatures vanquished.

Grand Total: 124 creatures vanquished

Notes
Turn   | Place    | Note
-------+----------+-------------------------------------------
     0 | D:1      | hilljack the Gargoyle Fire Elementalist began the quest for
                  | the Orb.
     0 | D:1      | Reached XP level 1. HP: 10/10 MP: 3/3
    70 | D:1      | Reached XP level 2. HP: 14/15 MP: 0/5
   742 | D:1      | Reached XP level 3. HP: 19/19 MP: 4/6
   907 | D:2      | Learned a level 2 spell: Scorch
  1029 | D:2      | Identified the +1 ring mail of Fuchu {-Cast rF+ Will++
                  | rCorr}
  2120 | D:3      | Slain by an orc

Illustrated notes

Levels and vault maps discovered:
D:1:      enne_arrival_octagon_isle, layout_loops_ring, skrybe_limestone_x
D:2:      layout_basic
D:3:      layout_basic, mainiacjoe_overflow_alcove_4

Skill      XL: |  1  2 |
---------------+-------+-----
Conjurations   | 2 |  2.7
Dodging        | |  1.7
Stealth        | |  2.4
Spellcasting   | |  2.1
Fire Magic     | |  3.8

Action                     || total
---------------------------++-------
  Melee: Mace              ||    24
   Cast: Foxfire           ||    50
         Scorch            ||     1
    Use: Scroll            ||     3
 Armour: Robe              ||    10
  Dodge: Dodged            ||    26
